cohdb
Replays
Latest Replays
All Replays
Popular Replays
Top Player Replays
Match Explorer
How It Works
Community
CoH3 Stats
Reddit
Sign in to upload your games and track your stats! →
Sign in with Steam
Match 45772563
Unlisted
Match 45772563
Overview
Messages
Build Orders
End
Panzergrenadier Squad
Panzerpioneer Squad
Construct Light Support Kompanie
MG34 Team
Assault Grenadier Squad
2.5-tonne Medical Truck
Construct Mechanized Kompanie
Panzerjäger Mechanized Group
8 Rad Armored Car
Vehicle Survival Package
254 Reconnaissance Tractor
Selects Armored Support Battlegroup
Selects Superior Fire Drills
Selects Salvage Kits
8 Rad Armored Car
Panzergrenadier Squad
Veteran Squad Leaders
Construct Panzerarmee Kommand
Flak 36 Anti-tank Gun Team
Selects Panzer Storm
Selects Stuka Anti-tank Loiter
Stuka Anti-tank Loiter
Marder III Tank Destroyer
Walking Stuka Rocket Launcher
Armored Reserves
Assault Grenadier Squad
Panzergrenadier Squad
FOX
Sarpistic
CommieRed
Thank You Chef
0
0
Comments
sign in to comment!
No comments posted yet!